 Dungeon Sprint DCSS version bcrawl-1.23 (webtiles) character file.

Game seed: 6581480541959933827

16 Freyura the Skirmisher (level 2, -13/26 HPs)
             Began as a Demonspawn Fighter on May 23, 2020.
             Was an Initiate of Makhleb.
             Mangled by a large abomination (21 damage)
             ... in the Dungeon (Sprint V: "Ziggurat Sprint").
             The game lasted 00:03:16 (113 turns).

Freyura the Skirmisher (Demonspawn Fighter)          Turns: 113, Time: 00:03:16

Health: -13/26     AC: 26    Str: 28    XL:     2   Next: 37%
Magic:  2/4        EV:  0    Int:  9    God:    Makhleb [......]
Gold:   0          SH: 28    Dex: 12    Spells: 1/1 levels left

rFire    . . .     SeeInvis .   b - +6 shillelagh "Devastator" {shatter}
rCold    . . .     Gourm    .   w - +18 shield of the Gong {rElec rN+ MR+ EV-5}
rNeg     + . .     Faith    .   v - +15 Maxwell's patent armour {-Cast -Tele rElec MR+ rCorr}
rPois    .         Spirit   .   (no helmet)
rElec    +         Reflect  .   (no cloak)
rCorr    +         Harm     .   (no gloves)
MR       ++...     NoTele   +   (no boots) Stlth ..........NoCast +
                                (no amulet)
HPRegen  0.08/turn              C - +6 ring of strength
MPRegen  0.09/turn              D - +6 ring of strength

@: no status effects
A: demonic guardian 1
a: Renounce Religion


You were in the Dungeon.
You worshipped Makhleb.
Makhleb was noncommittal.
You were not hungry.

You visited 1 branch

Inventory:

Hand Weapons
 b - the +6 shillelagh "Devastator" (weapon) {shatter}
   (You found it in the Dungeon)
Armour
 v - the +15 Maxwell's patent armour (worn) {-Cast -Tele rElec MR+ rCorr}
   (You found it in the Dungeon)

   It insulates you from electricity.
   It affects your resistance to hostile enchantments.
   It prevents spellcasting.
   It prevents most forms of teleportation.
   It provides partial protection from all sources of acid and corrosion.
 w - the +18 shield of the Gong (worn) {rElec rN+ MR+ EV-5}
   (You found it in the Dungeon)

   It affects your evasion (-5).
   It insulates you from electricity.
   It protects you from negative energy.
   It affects your resistance to hostile enchantments.
Jewellery
 y - a +6 ring of dexterity
 z - a +6 ring of dexterity
 A - a +6 ring of intelligence
 B - a +6 ring of intelligence
 C - a +6 ring of strength (left hand)
 D - a +6 ring of strength (right hand)
Wands
 t - a wand of disintegration (7)
 u - a wand of iceblast (6)
 x - a wand of acid (7)
Scrolls
 a - 4 scrolls of amnesia
 c - 7 scrolls of fog
 k - 4 scrolls of blinking
 l - 5 scrolls of identify
 m - 5 scrolls of remove curse
 n - 2 scrolls of fear
Potions
 d - 6 potions of might
 f - 10 potions of curing
 g - 10 potions of heal wounds
 h - 6 potions of haste
 i - 7 potions of magic
 j - 3 potions of berserk rage
 o - 2 potions of brilliance
 p - 2 potions of invisibility
 q - 4 potions of resistance
 s - 5 potions of agility
Miscellaneous
 E - a lightning rod (4/4)
Comestibles
 e - 7 rations {!d}


   Skills:
 + Level 4.4 Fighting
 + Level 3.3 Maces & Flails
 + Level 3.9 Armour
 + Level 2.5 Dodging
 + Level 3.8 Shields
 + Level 3.7 Invocations


You had one spell level left.
You didn't know any spells.
Your spell library was empty.

Dungeon Overview and Level Annotations

Branches:
Dungeon (1/1)

Altars:
Ashenzari
Cheibriados
Dithmenos
Elyvilon
Fedhas
Gozag
Hepliaklqana
Kikubaaqudgha
Lugonu
Makhleb
Nemelex Xobeh
Okawaru
Qazlal
Ru
Sif Muna
Trog
Uskayaw
Vehumet
Wu Jian
Xom
Yredelemnul
Zin
The Shining One
Beogh
Jiyva

Annotations:
D 1 transporter


Innate Abilities, Weirdness & Mutations

A weak demonic guardian rushes to your aid.


Message History

BONNNG!
Your quasit barely misses the large abomination.
Your quasit claws the large abomination but does no damage. x2
You block the large abomination's attack.
BOUMMMMG!
Your quasit bites the large abomination but does no damage.
Your quasit claws the large abomination but does no damage. x2
The large abomination hits you!!
Ouch! That really hurt!
Your quasit barely misses the large abomination.
Your quasit claws the large abomination but does no damage. x2
Your quasit bites the large abomination but does no damage.
Your quasit claws the large abomination but does no damage. x2
You block the large abomination's attack.
GONNNNG!
Your quasit bites the large abomination but does no damage.
Your quasit claws the large abomination but does no damage. x2
The large abomination hits you!!
Ouch! That really hurt!
You die...

▓▓▓▓▓▓▓
▓.8©8.▓
▓.....▓
▓.).).▓
▓.....▓
▓.5X..▓
▓.5@..▓
▓▓▓▓▓▓▓


You could see a large abomination, a friendly iron imp and a friendly quasit.

Vanquished Creatures
  A shadow imp (D)
1 creature vanquished.

Notes
Turn   | Place    | Note
-------+----------+-------------------------------------------
     0 | D        | Freyura the Demonspawn Fighter began the quest for the Orb.
     0 | D        | Reached XP level 1. HP: 18/18 MP: 1/1
    13 | D        | Found a shimmering blue altar of Sif Muna.
    13 | D        | Found a bloodstained altar of Trog.
    13 | D        | Found a sacrificial altar of Ru.
    13 | D        | Found a stormy altar of Qazlal.
    13 | D        | Found an iron altar of Okawaru.
    23 | D        | Found a sparkling altar of Nemelex Xobeh.
    24 | D        | Found the +7 great mace "Firestarter" {inner flame, rF++}
    24 | D        | Found the +6 Majin-Bo {vamp, *Drain Str+12 Int+24}
    24 | D        | Found a burning altar of Makhleb.
    24 | D        | Found a corrupted altar of Lugonu.
    24 | D        | Found an ancient bone altar of Kikubaaqudgha.
    24 | D        | Found a transporter.
    24 | D        | Found a viscous altar of Jiyva.
    33 | D        | Became a worshipper of Makhleb the Destroyer
    37 | D        | Found the +6 shillelagh "Devastator" {shatter}
    37 | D        | Found the +11 plutonium sword {*Contam Stlth-}
    37 | D        | Found the +8 lance "Wyrmbane" {slay drac, rPois rF+ rC+
                  | AC+3}
    37 | D        | Found the +9 sword of Zonguldrok {reap}
    37 | D        | Found the cursed +13 scythe of Curses {drain, *Curse}
    37 | D        | Found the +0 sword of Power
    37 | D        | Found the +7 mace of Variability {chain chaos}
    37 | D        | Found the +7 Singing Sword {slice}
    37 | D        | Found the +7 longbow "Piercer" {penet, EV-2}
    38 | D        | Found a hazy altar of Hepliaklqana.
    39 | D        | Found the +9 heavy crossbow "Sniper" {velocity, Acc+∞ SInv}
    39 | D        | Found the +10 dark maul {crush}
    39 | D        | Found the +15 Maxwell's patent armour {-Cast -Tele rElec
                  | MR+ rCorr}
    39 | D        | Found the +18 shield of the Gong {rElec rN+ MR+ EV-5}
    39 | D        | Found the cursed +14 obsidian axe {chop, +Fly SInv *Curse}
    66 | D        | Found an opulent altar of Gozag.
    67 | D        | Found a blossoming altar of Fedhas.
    92 | D        | Reached skill level 4 in Fighting
    92 | D        | Gained mutation: A weak demonic guardian rushes to your
                  | aid. [demonic ancestry]
    92 | D        | Reached XP level 2. HP: 26/26 MP: 1/4
   105 | D        | Entered arena 2.
   105 | D        | Noticed a large abomination
   105 | D        | Found a transporter.
   113 | D        | Mangled by a large abomination

Skill      XL: |  1 |
---------------+----+-----
Fighting       | 4 |  4.4
Maces & Flails | 3 |  3.3
Armour         | 3 |  3.9
Dodging        | 2 |  2.5
Shields        | 3 |  3.8
Invocations    | 3 |  3.7

Action                   || total
-------------------------++-------
Melee: Shillelagh        ||     1
Evoke: Wand              ||     1
  Use: Potion            ||     1
Block: Medium shield     ||     5
